 Dungeon Crawl Stone Soup version 0.28.0-45-g0d030f2227 (webtiles) character file.

Game seed: 13877715846991006372

39 protoss039 the Chopper (level 3, -4/22 HPs)
             Began as a Gargoyle Gladiator on Apr 12, 2022.
             Killed by divine providence
             ... invoked by an orc priest
              (14 damage)
             ... on level 3 of the Dungeon.
             The game lasted 00:01:59 (1896 turns).

protoss039 the Chopper (Gargoyle Gladiator)         Turns: 1896, Time: 00:02:00

Health: -4/22      AC: 14    Str: 19    XL:     3   Next: 45%
Magic:  3/3        EV:  6    Int:  8    God:
Gold:   79         SH:  0    Dex: 11    Spells: 2/2 levels left

rFire   . . .      SeeInvis .   a - +0 war axe
rCold   . . .      Faith    .   (no shield)
rNeg    + . .      Spirit   .   l - +0 plate armour
rPois   ∞          Reflect  .   c - +0 helmet
rElec   +          Harm     .   (no cloak)
rCorr   +          Rampage  .   (no gloves)
Will    .....                   (no boots)
Stlth   ..........              (no amulet)
HPRegen 0.07/turn               k - ring of resist corrosion
MPRegen 0.08/turn               (no ring)

@: confused
A: sickness immunity, AC +3, negative energy resistance 1, electricity
resistance, torment resistance 1, petrification resistance
a: no special abilities


You were on level 3 of the Dungeon.
You visited 1 branch of the dungeon, and saw 3 of its levels.

You collected 79 gold pieces.

Inventory:

Hand Weapons
 a - a +0 war axe (weapon)
Missiles
 d - a throwing net (quivered)
Armour
 c - a +0 helmet (worn)
 l - a +0 plate armour (worn)
Jewellery
 k - a ring of resist corrosion (left hand)
Scrolls
 f - a scroll of identify {unknown}
 h - a scroll of fear {unknown}
 i - a scroll of amnesia {unknown}
Potions
 e - a potion of flight {unknown}
 g - a potion of curing {unknown}
 j - a potion of degeneration {unknown}


   Skills:
 + Level 2.6 Fighting
 + Level 3.0 Axes
 - Level 2.0 Throwing
 + Level 1.1 Armour
 * Level 2.9 Dodging


You had 2 spell levels left.
You didn't know any spells.
Your spell library was empty.

Dungeon Overview and Level Annotations

Branches:
Dungeon (3/15)

Altars:


Innate Abilities, Weirdness & Mutations

You are immune to sickness and miasma.
Your stone body is resilient. (AC +3)
You are immune to poison.
You resist negative energy. (rN+)
You are resistant to electric shocks. (rElec)
You are resistant to unholy torment.
You are immune to petrification.


Message History

The orc barely misses you. The giant cockroach closely misses you.
Something hits you but does no damage.
Unknown command.
The giant cockroach bites you but does no damage.
The orc hits you but does no damage. x2; Something hits you but does no damage.
Unknown command.
Throw: 2 throwing nets
Press: ? - help, Q - select action Shift-Dir - straight line You throw a throwing net.
An orc wizard appears from thin air!
Reactivating autopickup.
The giant cockroach barely misses you. The orc hits you but does no damage. x2
The orc wizard casts a spell at you.
You are confused.
The orc priest barely misses you. Something hits you but does no damage.
Deactivating autopickup; reactivate with Ctrl-A.
Unknown command.
Unknown command.
The giant cockroach bites you but does no damage.
The orc wizard gestures at you while chanting.
The magic dart hits you.
The orc priest invokes the aid of Beogh against you.
Beogh smites you!
Ouch! That really hurt!
Unknown command.
Unknown command.
The orc hits you but does no damage.
You bump into the rock wall.
The giant cockroach waves its antennae.
The giant cockroach bites you but does no damage.
The orc hits you but does no damage.
The giant cockroach bites you but does no damage.
Unknown command.
You miss something. You closely miss the orc. You miss the orc wizard.
You miss the giant cockroach. Something hits you but does no damage.
The orc hits you but does no damage. The giant cockroach barely misses you.
The orc priest mumbles some strange prayers to Beogh against you.
Beogh smites you!
Ouch! That really hurt!
You die...

.... +#. # ... .. .
#.. .#.#
.####..###.#.##
................
#.##........#.#
.....!...o.#.#### #
.....ooooB....... ..
#.#.##.##o@.....##.#
.#...#)..#.##.##....#.
...........#...#......
.#.#.#.)..........#
#.##.##.#...#..# .
....###..##..# .#
##..# #.......# .#
...#.##.##.#####.# #
..........#.......#.#


You could see an orc priest, an orc wizard, 4 orcs and a giant cockroach.

Vanquished Creatures
  2 orcs (D:3)
  2 endoplasms (D:1)
  4 giant cockroaches
  3 goblins
  3 hobgoblins
  3 kobolds
  3 quokkas
  3 ball pythons
  5 bats
  A frilled lizard (D:2)
  5 rats
34 creatures vanquished.

Notes
Turn   | Place    | Note
-------+----------+-------------------------------------------
     0 | D:1      | protoss039 the Gargoyle Gladiator began the quest for the
                  | Orb.
     0 | D:1      | Reached XP level 1. HP: 12/12 MP: 1/1
   271 | D:1      | Reached XP level 2. HP: 17/17 MP: 2/2
  1008 | D:2      | Reached skill level 1 in Armour
  1037 | D:2      | Reached XP level 3. HP: 22/22 MP: 3/3
  1869 | D:3      | Reached skill level 3 in Axes
  1896 | D:3      | Killed from afar by an orc priest

Illustrated notes

Levels and vault maps discovered:
D:1:      dpeg_arrival_arbitrary_a, layout_basic
D:2:      layout_basic
D:3:      layout_basic, hangedman_decor_clover_reticule

Skill      XL: |  1  2  3 |
---------------+----------+-----
Throwing       | 2 |  2.0
Armour         | 1 |  1.1
Axes           | 3 |  3.0
Fighting       | |  2.6
Dodging        | |  2.9

Action                   || total
-------------------------++-------
Melee: War axe           ||   108
       Punch             ||     5
Throw: Throwing net      ||     2
  Use: Potion            ||     2
Armor: Scale mail        ||    54
       Leather armour    ||     3
       Plate armour      ||    60
Dodge: Dodged            ||    81
